 Dungeon Crawl Stone Soup version 0.26-a0-541-g3b3d21e777 (webtiles) character file.

Game seed: 16077801329370649433

32042 Errates the Geomancer (level 13, -3/78 HPs)
             Began as a Gargoyle Earth Elementalist on Aug 16, 2020.
             Was an Elder of Vehumet.
             Slain by a vault guard
             ... wielding a +0 battleaxe
              (6 damage)
             ... on level 13 of the Dungeon.
             The game lasted 00:42:41 (20041 turns).

Errates the Geomancer (GrEE)                       Turns: 20041, Time: 00:42:42

Health: -3/78      AC: 23    Str: 12    XL:     13   Next: 62%
Magic:  4/23       EV: 14    Int: 21    God:    Vehumet [****..]
Gold:   449        SH:  0    Dex: 10    Spells: 22/31 levels left

rFire    . . .     SeeInvis +   y - +4 trident (flame)
rCold    + . .     Faith    .   (no shield)
rNeg     + . .     Spirit   .   C - +2 steam dragon scales
rPois    ∞         Reflect  .   v - +0 mask of the Dragon {MR+ Slay+3 SInv}
rElec    +         Harm     .   c - scarf {shadows}
rCorr    .                      (no gloves)
MR       +....                  t - +2 pair of boots
Stlth    ++........             (no amulet)
HPRegen  0.23/turn              o - ring of protection from cold
MPRegen  0.18/turn              (no ring)

@: no status effects
A: slimy green scales 1, low mp 1, negative energy resistance 1, electricity
resistance, unbreathing, petrification resistance, rot immunity, AC +9
a: Renounce Religion


You were on level 13 of the Dungeon.
You worshipped Vehumet.
Vehumet was greatly pleased with you.
You visited 2 branches of the dungeon, and saw 15 of its levels.

You collected 1267 gold pieces.
You spent 818 gold pieces at shops.

Inventory:

Hand Weapons
 u - a +5 dagger
 y - a +4 trident of flaming (weapon)
 B - a +0 morningstar
Missiles
 b - 248 stones (quivered)
Armour
 c - a scarf of shadows (worn)
 t - a +2 pair of boots (worn)
 v - the +0 mask of the Dragon (worn) {MR+ Slay+3 SInv}
   (You bought it in a shop on level 4 of the Dungeon)

   It affects your accuracy and damage with ranged weapons and melee attacks
   (+3).
   It affects your resistance to hostile enchantments.
   It lets you see invisible.
 C - +2 steam dragon scales (worn)
Jewellery
 o - a ring of protection from cold (left hand)
 x - an uncursed ring of ice
Wands
 f - a wand of disintegration (3)
 g - a wand of digging (4)
 j - a wand of polymorph (8)
 m - a wand of paralysis (27)
 z - a wand of iceblast (3)
 A - a wand of random effects (31)
 D - a wand of flame (25)
Scrolls
 d - 11 scrolls of remove curse
 e - 2 scrolls of teleportation
 r - 2 scrolls of identify
 w - 2 scrolls of amnesia
 E - 2 scrolls of blinking
 F - a scroll of enchant weapon
Potions
 a - 2 potions of haste
 h - 10 potions of curing
 i - 5 potions of ambrosia
 k - a potion of heal wounds
 l - 2 potions of invisibility
 n - 2 potions of lignification
 p - 3 potions of brilliance
 q - 4 potions of stabbing


   Skills:
 + Level 7.9 Fighting
 + Level 7.2 Maces & Flails
 - Level 6.0 Armour
 + Level 6.2 Dodging
 - Level 2.1 Stealth
 + Level 9.5 Spellcasting
 + Level 10.7 Conjurations
   Level 0.7 Transmutations
 + Level 12.3 Earth Magic
 - Level 6.0 Evocations


You had 22 spell levels left.
You knew the following spells:

 Your Spells              Type           Power        Failure   Level
a - Sandblast             Erth           ####..       1%          1
b - Stone Arrow           Conj/Erth      ####..       1%          3
c - Lee's Rapid Deconstr  Erth           ####......   1%          5

Your spell library contained the following spells:

 Spells                   Type           Power        Failure   Level
 Hailstorm                Conj/Ice       ###.....     2%          4
 Magic Dart               Conj           ####         1%          1
 Passwall                 Tmut/Erth      ###.....     1%          2
 Conjure Flame            Conj/Fire      ###.....     1%          3
 Dazzling Flash           Conj/Hex       ###...       1%          3
 Mephitic Cloud           Conj/Pois/Air  ##......     1%          3
 Petrify                  Tmut/Erth      ###.....     4%          4
 Ignite Poison            Fire/Tmut/Pois #.......     5%          3
 Sting                    Tmut/Pois      #...         6%          1
 Corona                   Hex            #......      7%          1
 Blink                    Tloc           N/A          11%         2
 Call Imp                 Summ           #.......     11%         2
 Ensorcelled Hibernation  Hex/Ice        #.....       11%         2
 Poisonous Vapours        Pois/Air       #.....       11%         2
 Slow                     Hex            #.......     11%         2
 Olgreb's Toxic Radiance  Pois           #.......     17%         4
 Confusing Touch          Hex            #.......     21%         3
 Tukima's Dance           Hex            #.......     21%         3


Dungeon Overview and Level Annotations

Branches:
Dungeon (14/15)            Temple (1/1) D:5            Lair (0/6) D:11
    Orc (0/2) D:10         Vaults (0/5) D:13

Altars:
Ashenzari
Cheibriados
Dithmenos
Elyvilon
Fedhas
Gozag
Hepliaklqana
Kikubaaqudgha
Makhleb
Nemelex Xobeh
Okawaru
Qazlal
Ru
Sif Muna
Trog
Uskayaw
Vehumet
Wu Jian
Xom
Yredelemnul
Zin
The Shining One

Shops:
D:4 [   D:7 *   D:8 :   D:10 ([   D:13 *

Annotations:
D:11 exclusion: 3 oklob plants


Innate Abilities, Weirdness & Mutations

You are resistant to torment.
Your stone body is resilient. (AC +9)
You are immune to poison.
You resist negative energy. (rN+)
You are resistant to electric shocks. (rElec)
You can survive without breathing.
You are immune to petrification.
You are immune to rotting.
You are partially covered in slimy green scales. (AC +2)
Your magical capacity is low. (-10% MP)


Message History

The vault guard hits you with a +0 battleaxe!
You hit the vault guard. You burn the vault guard.
The vault guard is severely wounded.
The vault guard hits you with a +0 battleaxe.
* * * LOW HITPOINT WARNING * * *
You hit the vault guard but do no damage.
The vault guard is severely wounded.
The vault guard hits you with a +0 battleaxe!
* * * LOW HITPOINT WARNING * * *
You hit the vault guard. You burn the vault guard.
The vault guard is severely wounded.
The vault guard hits you with a +0 battleaxe!
* * * LOW HITPOINT WARNING * * *
You hit the vault guard. You burn the vault guard.
The vault guard is severely wounded.
The vault guard completely misses you.
You hit the vault guard. You burn the vault guard.
The vault guard is almost dead.
The vault guard hits you with a +0 battleaxe.
You die...

#.#..>..........# #.#..
#..........####.###.#.#
#...............##.#..#
#..........######.###..
#.#....>(..# #.## ###
#......#.### ##.###.#
####.###[## ##.#..#
#.##...### ##...#
#.p@.....# ##..#
####...#.### #...
##......# ##..
####.#.## ### #....#
#....# #....#
##########.#.##
#.............#


You could see a vault guard.

Vanquished Creatures
  Rupert (D:13)
  The ghost of Xamepor the Summoner, a journeyman GnSu of Cheibriados (D:13)
  Erolcha (D:11)
  7 vault guards (D:13)
  A hydra (D:11)
  Erica (D:8)
  2 centaur warriors (D:13)
  A death knight (D:13)
  A tengu warrior (D:13)
  5 unseen horrors
  An orc knight (D:12)
  An obsidian statue (D:13)
  3 cyclopes (D:13)
  2 slime creatures (D:12)
  2 ugly things
  A gargoyle (D:13)
  Maggie (D:8)
  6 trolls
  2 hornets
  5 hippogriffs
  17 yaks
  2 wraiths (D:12)
  A steam dragon (D:13)
  Grum (D:8)
  4 vampire mosquitoes (D:12)
  A soldier ant (D:13)
  An acid dragon (D:12)
  4 black bears
  7 ice beasts
  10 orc warriors
  3 sky beasts
  A hornet zombie (D:5)
  6 ogres
  A phantom (D:9)
  2 wolves (D:8)
  8 centaurs
  2 big kobolds
  5 bullfrogs
  A water moccasin zombie (D:5)
  5 scorpions
  4 wights
  15 killer bees
  A howler monkey (D:7)
  A bullfrog zombie (D:9)
  7 hounds
  A jelly (D:13)
  13 orc priests
  16 orc wizards
  4 bullfrog skeletons
  A centaur skeleton (D:7)
  A gnoll shaman (D:7)
  5 iguanas
  10 worker ants
  A hound zombie (D:6)
  A howler monkey zombie (D:5)
  7 gnolls
  3 adders
  4 white imps
  3 ufetubi
  An ooze (D:2)
  An adder zombie (D:8)
  3 worms
  5 dart slugs
  8 leopard geckos
  57 orcs
  2 giant cockroaches
  8 hobgoblins
  20 jackals
  15 kobolds
  5 quokkas
  A ball python (D:2)
  12 bats
  4 frilled lizards
  A jackal skeleton (D:4)
  A jackal zombie (D:6)
  2 quokka skeletons
  7 rats
378 creatures vanquished.

Vanquished Creatures (others)
  An orc (D:11)
  A bush (D:2)
  A plant (D:2)
3 creatures vanquished.

Grand Total: 381 creatures vanquished

Notes
Turn   | Place    | Note
-------+----------+-------------------------------------------
     0 | D:1      | Errates the Gargoyle Earth Elementalist began the quest for
                  | the Orb.
     0 | D:1      | Reached XP level 1. HP: 10/10 MP: 3/3
   127 | D:1      | Reached XP level 2. HP: 7/15 MP: 1/5
   156 | D:1      | Reached skill level 4 in Earth Magic
  1092 | D:2      | Reached XP level 3. HP: 19/19 MP: 2/7
  1097 | D:2      | Learned a level 3 spell: Stone Arrow
  1445 | D:2      | Reached skill level 1 in Conjurations
  1445 | D:2      | Reached XP level 4. HP: 24/24 MP: 3/8
  1908 | D:2      | Found an opulent altar of Gozag.
  2457 | D:2      | Found a glowing golden altar of the Shining One.
  2643 | D:3      | Gained mutation: Your magical capacity is low. (-10% MP)
                  | [potion of mutation]
  2643 | D:3      | Gained mutation: You are partially covered in slimy green
                  | scales. (AC +2) [potion of mutation]
  2802 | D:3      | Reached skill level 5 in Earth Magic
  2802 | D:3      | Reached XP level 5. HP: 28/28 MP: 6/9
  3752 | D:4      | Learned a level 5 spell: Lee's Rapid Deconstruction
  3777 | D:4      | Found a basalt altar of Yredelemnul.
  3931 | D:4      | Reached XP level 6. HP: 32/32 MP: 6/10
  4112 | D:4      | Found Horex's Armour Shop.
  4180 | D:4      | Found a burning altar of Makhleb.
  4201 | D:4      | Reached skill level 6 in Earth Magic
  4236 | D:4      | Reached XP level 7. HP: 18/36 MP: 8/12
  4770 | D:4      | Bought the +0 mask of the Dragon {MR+ Slay+3 SInv} for 334
                  | gold pieces
  4770 | D:4      | Found the +0 mask of the Dragon {MR+ Slay+3 SInv}
  4794 | D:5      | Entered Level 5 of the Dungeon
  5408 | D:5      | Reached skill level 7 in Earth Magic
  5414 | D:5      | Reached skill level 5 in Spellcasting
  5462 | D:5      | Reached XP level 8. HP: 26/41 MP: 12/14
  5470 | D:5      | Reached skill level 5 in Conjurations
  5604 | D:5      | Found a staircase to the Ecumenical Temple.
  5614 | Temple   | Entered the Ecumenical Temple
  6064 | D:5      | Found a shimmering blue altar of Sif Muna.
  6194 | D:5      | Found an ancient bone altar of Kikubaaqudgha.
  6496 | D:6      | Reached skill level 8 in Earth Magic
  6762 | D:7      | HP: 1/41 [ufetubus (2)]
  6958 | D:7      | Found a snail-covered altar of Cheibriados.
  7249 | D:7      | Reached XP level 9. HP: 45/45 MP: 7/16
  7361 | D:7      | Found Sixkuff's Island Escapes.
  7405 | D:7      | Reached skill level 9 in Earth Magic
  8062 | D:6      | Found a shimmering blue altar of Sif Muna.
  8629 | D:7      | Noticed an unseen horror
  8649 | D:7      | Killed an unseen horror
  8649 | D:7      | Reached skill level 1 in Fighting
  8649 | D:7      | Reached skill level 1 in Maces & Flails
  8649 | D:7      | Reached skill level 1 in Armour
  8649 | D:7      | Reached skill level 1 in Evocations
  8822 | D:7      | Found a hide-covered altar of Uskayaw.
  9297 | D:8      | Noticed Maggie
  9312 | D:8      | Killed Maggie
  9312 | D:8      | Reached XP level 10. HP: 47/53 MP: 5/18
  9471 | D:8      | Noticed Erica
  9479 | D:8      | Killed Erica
  9843 | D:8      | Found Cuwofy's Book Shop.
 10193 | D:8      | Noticed Grum
 10202 | D:8      | Killed Grum
 10354 | D:9      | Reached skill level 10 in Earth Magic
 10508 | D:9      | Found a radiant altar of Vehumet.
 10511 | D:9      | Became a worshipper of Vehumet
 10647 | D:9      | Found a bloodstained altar of Trog.
 11311 | D:10     | Entered Level 10 of the Dungeon
 11326 | D:10     | Noticed an unseen horror
 11809 | D:10     | Found a hide-covered altar of Uskayaw.
 11827 | D:10     | Killed an unseen horror
 11827 | D:10     | Reached XP level 11. HP: 61/61 MP: 8/20
 11875 | D:10     | Reached * piety under Vehumet
 11875 | D:10     | Offered knowledge of Shock by Vehumet.
 12205 | D:10     | Found a blossoming altar of Fedhas.
 12331 | D:10     | Found Bef Mufi's Armour Emporium.
 12335 | D:10     | Found a staircase to the Orcish Mines.
 12402 | D:10     | Found Poanub's Weapon Emporium.
 12597 | D:11     | Noticed an oklob plant
 12599 | D:11     | Noticed an oklob plant
 12803 | D:11     | Noticed an unseen horror
 12806 | D:11     | Killed an unseen horror
 12863 | D:11     | Noticed an unseen horror
 12888 | D:11     | Killed an unseen horror
 13076 | D:11     | Noticed a cyan ugly thing
 13498 | D:11     | Noticed Erolcha
 13503 | D:11     | Killed Erolcha
 13503 | D:11     | Reached skill level 5 in Armour
 13522 | D:11     | Offered knowledge of Freeze by Vehumet.
 13522 | D:11     | Reached skill level 5 in Fighting
 13526 | D:11     | Reached ** piety under Vehumet
 13979 | D:11     | Killed a cyan ugly thing
 14066 | D:11     | Noticed a five-headed hydra
 14196 | D:11     | Killed a five-headed hydra
 14196 | D:11     | Reached skill level 5 in Maces & Flails
 14382 | D:11     | Got a masterwork leather armour
 14557 | D:11     | Found a staircase to the Lair.
 14557 | D:11     | Noticed an oklob plant
 14710 | D:7      | Bought a potion of invisibility for 88 gold pieces
 14710 | D:7      | Bought a scroll of blinking for 82 gold pieces
 14710 | D:7      | Bought a scroll of blinking for 82 gold pieces
 14710 | D:7      | Bought a scroll of blinking for 82 gold pieces
 14856 | D:12     | Identified the +2 leather armour of Xelakh {rN++ Str+3
                  | Int-5} (You found it on level 11 of the Dungeon)
 14883 | D:12     | Reached XP level 12. HP: 61/68 MP: 21/21
 14962 | D:12     | Reached skill level 11 in Earth Magic
 15665 | D:12     | Offered knowledge of Ignite Poison by Vehumet.
 16196 | D:12     | Reached *** piety under Vehumet
 16197 | D:12     | Reached skill level 5 in Evocations
 16429 | D:12     | Reached skill level 5 in Dodging
 16609 | D:13     | Noticed a centaur warrior
 16639 | D:13     | Killed a centaur warrior
 17148 | D:13     | Noticed a death knight
 17186 | D:13     | Noticed a centaur warrior
 17188 | D:13     | Killed a death knight
 17188 | D:13     | Offered knowledge of Hailstorm by Vehumet.
 17194 | D:13     | HP: 1/71 [centaur warrior (10)]
 17196 | D:13     | Killed a centaur warrior
 17538 | D:13     | Reached skill level 10 in Conjurations
 17769 | D:13     | Found a runed translucent gate.
 17769 | D:13     | Found a runed translucent gate.
 17769 | D:13     | Found a runed translucent gate.
 17771 | D:13     | Found an opulent altar of Gozag.
 17771 | D:13     | Found Itius's Assorted Antiques.
 17772 | D:13     | Noticed Xamepor's ghost (journeyman GnSu)
 18120 | D:13     | Reached XP level 13. HP: 30/76 MP: 12/23
 18133 | D:13     | Killed Xamepor's ghost
 18341 | D:13     | Bought a potion of heal wounds for 150 gold pieces
 18856 | D:13     | Noticed a vault guard
 18856 | D:13     | Noticed a vault guard
 18858 | D:13     | Noticed a vault guard
 18858 | D:13     | Noticed a vault guard
 18862 | D:13     | Noticed a vault guard
 18862 | D:13     | Noticed a vault guard
 18863 | D:13     | Killed a vault guard
 18864 | D:13     | Noticed a vault guard
 18865 | D:13     | Killed a vault guard
 18865 | D:13     | Killed a vault guard
 18865 | D:13     | Reached skill level 12 in Earth Magic
 18865 | D:13     | Noticed a vault guard
 18869 | D:13     | Killed a vault guard
 19161 | D:13     | Noticed Rupert
 19162 | D:13     | Paralysed by Rupert for 4 turns
 19186 | D:13     | Killed Rupert
 19195 | D:13     | Killed a vault guard
 19402 | D:13     | Found a gate to the Vaults.
 19432 | D:13     | Killed a vault guard
 19823 | D:13     | Killed a vault guard
 20023 | D:13     | Reached **** piety under Vehumet
 20039 | D:13     | HP: 2/78 [vault guard/+0 battleaxe (14)]
 20041 | D:13     | Slain by a vault guard

Illustrated notes

Levels and vault maps discovered:
D:1:      lightli_iron_boxes, layout_rooms
D:2:      layout_loops_ring, nicolae_gozag_seed_capital,
          nicolae_tso_swordbearing_angel, lexackson_kobold_supper
D:3:      layout_loops_ring
D:4:      layout_loops_ring, makhleb_heckhound_becter, old_standard_altar,
          serial_shops, shop
D:5:      layout_rooms, nicolae_overflow_crystal_walls, kiku_gazebo_pond_becter,
          minmay_temple_entry_statues_fountains
D:6:      layout_loops_cross, led_sif_pool
D:7:      layout_basic, nicolae_overflow_hidden_temple,
          lemuel_coloured_pillars_altar, nicolae_island_escapes
D:8:      layout_loops_ring, serial_shops, kennysheep_little_box, uniq_erica,
          uniq_grum, uniq_maggie
D:9:      layout_stronghold, kennysheep_mini, basic_altar
D:10:     layout_rooms, orc_david_3, basic_altar, fedhas_bush_and_centaur_altar
D:11:     layout_gridville, dpeg_oklobed_lair, uniq_erolcha
D:12:     layout_long_grid
D:13:     layout_loops_ring, erik_vaults_2, ebering_ghost_gozag, uniq_rupert
D:14:     layout_cross, basic_altar
Temple:   nicolae_temple_god_jail

Skill      XL: |  1  2  3  4  5  6  7  8  9 10 11 12 13 |
---------------+----------------------------------------+-----
Earth Magic    | 4 5 6 7 8 9 10 11 12 | 12.3
Spellcasting   | 3 4 5 6 7 8 9 |  9.5
Conjurations   | 1 2 3 4 6 7 8 9 10 | 10.7
Fighting       | 2 4 5 7 |  7.9
Maces & Flails | 2 3 5 6 7 |  7.2
Armour         | 2 4 5 6 |  6.0
Dodging        | 2 3 4 5 6 |  6.2
Evocations     | 1 3 4 5 6 |  6.0
Stealth        | |  2.1
Transmutations | |  0.7

Action                   |  1- 3 |  4- 6 |  7- 9 | 10-12 | 13-15 || total
-------------------------+-------+-------+-------+-------+-------++-------
Melee: Club              |    48 |       |       |       |       ||    48
       Mace              |    21 |   254 |       |       |       ||   275
       Dagger            |       |     9 |   272 |   326 |       ||   607
       Trident           |       |       |       |   263 |   122 ||   385
 Cast: Sandblast         |    22 |    22 |    43 |    66 |     2 ||   155
       Lee's Rapid Decon |       |       |    11 |    85 |    25 ||   121
       Stone Arrow       |       |       |     2 |    29 |    11 ||    42
Evoke: Wand              |       |       |     8 |    22 |     4 ||    34
  Use: Scroll            |       |    11 |     4 |    11 |     2 ||    28
       Potion            |       |     1 |     1 |    10 |     3 ||    15
 Stab: Sleeping          |     2 |     6 |     3 |     6 |     2 ||    19
       Paralysed         |       |       |     3 |       |       ||     3
       Distracted        |       |       |       |     1 |       ||     1
Armor: Robe              |    37 |   151 |   161 |     9 |       ||   358
       Steam dragon scal |       |       |       |   435 |    58 ||   493
       Skin              |       |       |       |       |    19 ||    19
Dodge: Dodged            |    84 |   265 |   220 |   540 |    63 ||  1172

Table legend: (Time is in decaauts)
 A = Elapsed time spent in this place.
 B = Non-inter-level travel time spent in this place.
 C = Inter-level travel time spent in this place.
 D = Time resting spent in this place.
 E = Time spent auto-exploring this place.
 F = Levels seen in this place.
 G = Mean time per level.
                   A        B        C        D        E       F      G
               +--------+--------+--------+--------+--------+-----+--------+
         Total |  20307 |  19633 |    674 |   4607 |  11158 |  15 | 1353.8 |
       Dungeon |  20253 |  19593 |    660 |   4607 |  11119 |  14 | 1446.6 |
        Temple |     53 |     39 |     14 |      0 |     39 |   1 |   53.0 |
               +--------+--------+--------+--------+--------+-----+--------+

Top non-repeatable levels by time:
    D:13: 2696 daAuts
    D:12: 2638 daAuts
    D:11: 2079 daAuts
     D:2: 1784 daAuts
     D:4: 1718 daAuts
     D:7: 1655 daAuts
     D:9: 1469 daAuts
     D:8: 1210 daAuts
     D:6: 1188 daAuts
     D:3: 1072 daAuts
     D:5: 932 daAuts
     D:1: 919 daAuts
    D:10: 864 daAuts
  Temple: 53 daAuts
    D:14: 23 daAuts
